 Dungeon Crawl Stone Soup version 0.22.1-2-g9c5b331 (webtiles) character file.

17 MalarOregon the Chiller (level 2, 0/20 HPs)
             Began as a Merfolk Ice Elementalist on Nov 15, 2018.
             Slain by a bat (1 damage)
             ... on level 1 of the Dungeon.
             The game lasted 00:03:08 (506 turns).

MalarOregon the Chiller (Merfolk Ice Elementalist)   Turns: 506, Time: 00:03:09

Health: 0/20       AC:  2    Str:  8    XL:     2   Next: 62%
Magic:  0/5        EV: 13    Int: 14    God:
Gold:   10         SH:  0    Dex: 14    Spells: 4/5 levels left

rFire    + + .     SeeInvis .   (no weapon)
rCold    . . .     Gourm    .   (no shield)
rNeg     . . .     Faith    .   a - +0 robe
rPois    .         Spirit   .   (helmet restricted)
rElec    .         Reflect  .   (no cloak)
rCorr    .         Harm     .   (no gloves)
MR       .....                  (no boots)
Stlth    ++........             (no amulet)
HPRegen  0.06/turn              (no ring)
MPRegen  0.09/turn              (no ring)

@: very slightly contaminated
A: change form in water, swift swim, stealthy swim, horns 1, fire resistance 2
a: no special abilities


You were on level 1 of the Dungeon.
You were not hungry.

You visited 1 branch of the dungeon, and saw 1 of its levels.

You collected 10 gold pieces.

Inventory:

Armour
 a - a +0 robe (worn)
Comestibles
 c - a chunk of flesh
 e - 2 rations {!d}


   Skills:
 + Level 0.7 Fighting
 + Level 2.9 Dodging
 + Level 2.5 Stealth
 * Level 2.3 Spellcasting
   Level 0.7 Conjurations
 + Level 3.4 Ice Magic


You had 4 spell levels left.
You knew the following spells:

 Your Spells              Type           Power        Failure   Level  Hunger
a - Freeze                Ice            ##..         5%          1    #......

Your spell library contained the following spells:

 Spells                   Type           Power        Failure   Level  Hunger
 Throw Frost              Conj/Ice       #.....       14%         2    ###....
 Ozocubu's Armour         Chrm/Ice       #.......     34%         3    ###....
 Throw Icicle             Conj/Ice       #.......     67%         4    #####..
 Summon Ice Beast         Ice/Summ       #.......     75%         4    #####..


Dungeon Overview and Level Annotations

Branches:
Dungeon (1/15)

Altars:


Innate Abilities, Weirdness & Mutations

You revert to your normal form in water.
You are very nimble and swift while swimming.
You are very stealthy in the water. (Stealth+)
You have a pair of small horns on your head.
Your flesh is very heat resistant. (rF++)


Message History

As you read the scroll labeled LENKIT UZIOCIT, it crumbles to dust.
You feel aware of your surroundings.
It was a scroll of magic mapping.
The leopard gecko bites you.
* * * LOW HITPOINT WARNING * * *
The kobold closely misses you.
It was a potion of mutation.
You feel extremely strange.
You feel resistant to heat. A pair of horns grows on your head!
You feel more resistant to heat. The kobold hits you.
* * * LOW HITPOINT WARNING * * *
It was a potion of curing.
You feel better. The bat closely misses you.
The leopard gecko hisses menacingly.
The leopard gecko closely misses you. The kobold barely misses you.
You miss the frilled lizard. You headbutt the frilled lizard.
You kill the frilled lizard!
The leopard gecko closely misses you. The bat hits you.
* * * LOW HITPOINT WARNING * * *
The kobold completely misses you. The leopard gecko bites you.
* * * LOW HITPOINT WARNING * * *
You hit the kobold.
You kill the kobold!
The bat misses you. The leopard gecko closely misses you. The bat misses you.
The leopard gecko hisses menacingly.
The leopard gecko bites you but does no damage.
You see here a frilled lizard corpse.
Aim: a bat You miscast Freeze.
You are very lightly contaminated with residual magic.
Nothing appears to happen.
The bat hits you.
* * * LOW HITPOINT WARNING * * *
The leopard gecko closely misses you. The leopard gecko barely misses you.
The bat barely misses you. The bat hits you but does no damage.
The bat closely misses you. The bat misses you.
Some of the chunks of flesh in your inventory have rotted away.
The bat closely misses you. The bat hits you but does no damage.
The bat hits you but does no damage. The bat hits you but does no damage.
The bat closely misses you. The bat hits you.
* * * LOW HITPOINT WARNING * * *
The leopard gecko barely misses you. The bat closely misses you.
The bat hits you but does no damage. The bat hits you.
* * * LOW HITPOINT WARNING * * *
Aim: a bat You freeze the bat.
The bat hits you.
You die...

...#######.............,,,,,,,,**
.###...................,,,,,,,,,*
.##..#########.........,,....b.,,
.##..............####.,,,,......,
...........###..## *,....,.....,
##.........# ##..# **.....,....#
...#.......# ##.# *#....#,..#.
####)......# #.# ####....###.#.
####.......# #@# #.............
..........)#####b###...........†#
###.............l................
...........#..)..................
#################.............%..
..........### ###...............
#.####.##...## #..............#..
...##...###..# #.#.........####..
.⌠.##.⌠.# ##.# #...####....# #..


You could see a leopard gecko and a bat.

Vanquished Creatures
  2 goblins (D:1)
  2 hobgoblins (D:1)
  3 bats (D:1)
  3 frilled lizards (D:1)
  3 kobolds (D:1)
  6 rats (D:1)
19 creatures vanquished.

Notes
Turn   | Place    | Note
-------+----------+-------------------------------------------
     0 | D:1      | MalarOregon the Merfolk Ice Elementalist began the quest
                  | for the Orb.
     0 | D:1      | Reached XP level 1. HP: 13/13 MP: 3/3
   296 | D:1      | Reached XP level 2. HP: 16/20 MP: 0/5
   485 | D:1      | Gained mutation: Your flesh is heat resistant. (rF+)
                  | [potion of mutation]
   485 | D:1      | Gained mutation: You have a pair of small horns on your
                  | head. [potion of mutation]
   485 | D:1      | Gained mutation: Your flesh is very heat resistant. (rF++)
                  | [potion of mutation]
   505 | D:1      | HP: 1/20 [bat (1)]
   506 | D:1      | Slain by a bat

Action                   || total
-------------------------++-------
Melee: Unarmed           ||     6
       Headbutt          ||     1
 Cast: Freeze            ||    25
  Use: Potion            ||     2
       Scroll            ||     1
Armor: Robe              ||    19
Dodge: Dodged            ||    53
